AoeStats
← 大明湖畔

Nomad

510690623Analyzed
3v3 RM · 1d ago on Oct 2, 2026· 65m 40s· 6 players
Game mode
Random Map
Map size
210×210
Population
200
Speed
Normal
Resources
Standard
Victory
Conquest
Starting age
Dark Age
Ending age
Imperial Age
RankedLock teamsTeams togetherTeam positionsShared explorationLock speedFull tech treeHidden civsTurbo modeCheats
Victory
Defeat
🇵🇪 Dravidians · Peru
1109
+16
🇦🇷 Wu · Argentina
1108
+16
🇺🇸 Lithuanians · United States
1105
+17
🇷🇺 Mongols · Russia
1169
-18
🇦🇺 Franks · Australia
1114
-16
🇲🇽 Malay · Mexico
1072
-15
LE Lamechara
12:13 Feudal Age
13:34 Loom
20:30 Castle Age
18:48 Horse Collar
20:25 Scale Barding Armor
26:53 Wheelbarrow
27:50 Chain Barding Armor
33:52 Bloodlines
33:44 Husbandry
35:32 Gold Mining
36:34 Heavy Plow
37:20 Bloodlines
41:52 Herbal Medicine
42:23 Forging
46:10 Sanctity
46:01 Redemption
51:53 Imperial Age
49:39 Hand Cart
49:10 Town Watch
51:04 Light Cavalry
52:27 Winged Hussar
56:40 Town Patrol
57:34 Plate Barding Armor
58:51 Crop Rotation
60:31 Iron Casting
59:47 Fletching
65:44 Block Printing
65:32 Devotion
66:10 Theocracy
66:11 Conscription
66:27 Hoardings
DS_Mc. Patto
14:18 Feudal Age
14:05 Loom
15:06 Fishing Lines
20:56 Castle Age
18:51 Fletching
20:44 Padded Archer Armor
21:57 Bodkin Arrow
22:34 Crossbowman
24:01 Leather Archer Armor
27:21 Ballistics
27:50 Town Watch
28:41 Wheelbarrow
28:52 Gold Mining
32:29 Imperial Age
30:56 Treadmill Crane
33:24 Bracer
34:24 Elite Skirmisher
35:05 Double-Bit Axe
39:26 Hand Cart
40:20 Bow Saw
40:36 Sitting Tiger
40:56 Conscription
41:47 Horse Collar
43:28 Chemistry
43:23 Masonry
42:44 Arbalester
53:49 Architecture
53:10 Guard Tower
53:16 Murder Holes
57:27 Elite Fire Archer
59:46 Stone Mining
60:31 Gold Shaft Mining
63:28 Keep
63:13 Clinker Construction
63:50 Red Cliffs Tactics
JK_TheBest
3:56 Loom
11:53 Feudal Age
13:26 Wheelbarrow
19:40 Castle Age
17:48 Gold Mining
19:19 Fletching
19:31 Padded Archer Armor
19:23 Double-Bit Axe
20:35 Bodkin Arrow
26:19 Stone Mining
28:16 Horse Collar
28:40 Fishing Lines
33:32 Imperial Age
32:25 Leather Archer Armor
35:13 Husbandry
36:01 Thumb Ring
36:16 Bow Saw
38:15 Two-Man Saw
38:06 Bracer
39:30 Ring Archer Armor
40:03 Chemistry
40:39 Hand Cart
41:35 Elite Elephant Archer
43:33 Medical Corps
45:37 Conscription
45:55 Ballistics
47:35 Elite Urumi Swordsman
48:38 Forging
48:29 Scale Mail Armor
48:36 Scale Barding Armor
48:52 Scale Mail Armor
48:43 Gambesons
48:59 Squires
48:45 Arson
50:11 Wootz Steel
52:08 Iron Casting
51:52 Chain Mail Armor
52:00 Chain Barding Armor
59:59 Blast Furnace
59:33 Plate Mail Armor
Tog Rulgay
5:00 Loom
14:33 Feudal Age
16:25 Stone Mining
16:37 Double-Bit Axe
19:02 Castle Age
18:20 Town Watch
18:22 Horse Collar
18:36 Gold Mining
21:25 Wheelbarrow
21:39 Fletching
22:26 Bodkin Arrow
24:32 Bloodlines
24:22 Husbandry
27:08 Padded Archer Armor
27:44 Ballistics
33:09 Leather Archer Armor
37:07 Masonry
37:31 Scale Barding Armor
37:50 Bow Saw
54:00 Imperial Age
51:49 Hand Cart
52:50 Murder Holes
55:55 Chemistry
55:23 Conscription
54:24 Elite Mangudai
56:14 Bracer
56:49 Parthian Tactics
56:35 Thumb Ring
大明湖畔
13:16 Feudal Age
13:30 Man-at-Arms
14:31 Arson
16:00 Wheelbarrow
16:13 Scale Mail Armor
16:24 Forging
16:21 Scale Mail Armor
16:51 Town Watch
20:23 Stone Mining
20:35 Gold Mining
24:12 Loom
29:54 Castle Age
35:11 Double-Bit Axe
40:08 Gold Shaft Mining
44:22 Bow Saw
44:43 Hand Cart
44:39 Husbandry
52:17 Imperial Age
50:51 Scale Barding Armor
51:22 Iron Casting
53:00 Chain Barding Armor
53:01 Chivalry
53:23 Conscription
52:29 Cavalier
54:38 Plate Barding Armor
57:51 Light Cavalry
61:47 Pikeman
62:29 Squires
62:45 Halberdier
Oswaldo.rdz
11:00 Loom
13:05 Feudal Age
15:12 Town Watch
15:37 Double-Bit Axe
19:25 Castle Age
17:48 Gold Mining
20:11 Bow Saw
23:31 Gold Shaft Mining
24:21 Wheelbarrow
24:44 Fletching
25:34 Crossbowman
28:24 Ballistics
29:13 Bodkin Arrow
29:19 Padded Archer Armor
31:27 Thumb Ring
32:43 Leather Archer Armor
40:23 Imperial Age
39:49 Bracer
40:26 Arbalester
45:27 Chemistry
45:07 Forging
51:45 Ring Archer Armor
Connection lost

Rejoining the realm…

Still unreachable

The connection could not be restored.

Session expired

The server has moved on; the page needs a fresh start.